 Dungeon Crawl Stone Soup version 0.29.1-12-g30fa7ad0bf (webtiles) character file.

Game seed: 7057862707013879134

58 wormed the Cudgeller (level 3, -3/31 HPs)
             Began as a Minotaur Gladiator on Dec 22, 2022.
             Succumbed to Sigmund's poison
             ... on level 3 of the Dungeon.
             The game lasted 00:03:00 (1858 turns).

wormed the Cudgeller (Minotaur Gladiator)           Turns: 1858, Time: 00:03:01

Health: -3/31      AC: 10    Str: 18 (20) XL:     3   Next: 75%
Magic:  2/2        EV:  7    Int:  3 (5)  God:
Gold:   44         SH:  0    Dex:  8 (11) Spells: 2/2 levels left

rFire   . . .      SeeInvis .   a - +0 flail
rCold   . . .      Faith    .   (no shield)
rNeg    . . .      Spirit   .   g - +0 chain mail
rPois   .          Reflect  .   c - +0 hat
rElec   .          Harm     .   l - +0 cloak
rCorr   .          Rampage  .   o - +0 pair of gloves
Will    .....                   (no boots)
Stlth   ..........              (no amulet)
HPRegen 0.10/turn               (no ring)
MPRegen 0.08/turn               (no ring)

@: lethally poisoned (-3 -> -18), invisible
A: horns 2, retaliatory headbutt
a: no special abilities


You were on level 3 of the Dungeon.
You visited 1 branch of the dungeon, and saw 3 of its levels.

You collected 44 gold pieces.

Inventory:

Hand Weapons
 a - a +0 flail (weapon)
Missiles
 d - 3 throwing nets
 e - a javelin (quivered)
Armour
 b - a +0 leather armour
 c - a +0 hat (worn)
 g - a +0 chain mail (worn)
 l - a +0 cloak (worn)
 o - a +0 pair of gloves (worn)
Scrolls
 k - a scroll of poison {unknown}
 n - a scroll of teleportation {unknown}
 p - a scroll of enchant armour {unknown}
 q - a scroll of identify {unknown}
Potions
 h - a potion of might {unknown}
 j - a potion of invisibility
 m - a potion of degeneration


   Skills:
 + Level 3.0 Fighting
 * Level 4.5 Maces & Flails
 - Level 2.0 Throwing
 + Level 1.3 Armour
 + Level 3.6 Dodging
 + Level 1.4 Shields


You had 2 spell levels left.
You didn't know any spells.
Your spell library was empty.

Dungeon Overview and Level Annotations

Branches:
Dungeon (3/15)

Altars:

Shops:
D:2 =

Annotations:
D:3 Sigmund


Innate Abilities, Weirdness & Mutations

You have a pair of horns on your head.
You reflexively headbutt those who attack you in melee.


Message History

Sigmund hits you with a +2 scythe of venom.
You are lethally poisoned!
You barely miss Sigmund.
Sigmund is moderately wounded.
You feel very sick.
You sock Sigmund!
Sigmund is severely wounded.
* * * LOW HITPOINT WARNING * * *
You feel very sick. Sigmund barely misses you.
It was a potion of curing.
You feel better.
Sigmund hits you with a +2 scythe of venom.
You hit Sigmund.
Sigmund is severely wounded.
You closely miss Sigmund. Your headbutt misses Sigmund.
Sigmund is severely wounded.
Sigmund laughs darkly.
Sigmund hits you with a +2 scythe of venom.
* * * LOW HITPOINT WARNING * * *
You are lethally poisoned!
You feel better.
Sigmund gestures wildly while chanting.
Sigmund flickers and vanishes!
Deactivating autopickup; reactivate with Ctrl-A.
You hit something. Your headbutt misses something. Something hits you!
* * * LOW HITPOINT WARNING * * *
You are lethally poisoned!
It was a potion of invisibility.
You fade into invisibility!
* * * LOW HITPOINT WARNING * * *
You feel very sick. Something hits you but does no damage.
You are more poisoned.
It was a potion of degeneration.
There was something very wrong with that liquid.
You feel weakened.
You feel dopey.
You feel clumsy.
* * * LOW HITPOINT WARNING * * *
You feel very sick.
It was a potion of magic.
Magic courses through your body.
You die...

#+# #.# #.#
#####.## ......##
..###.....#
#...@.$..#
#{####### #@.......
#.####### #.# #.#
##### #.# ##....
#.######### #.....
#.........###.#...
#.##~~~~~~~##..8..
..~~~~≈≈≈≈≈~†~~#8..


There were no monsters in sight!

Vanquished Creatures
  2 adders
  2 worms
  2 dart slugs (D:2)
  4 ball pythons
  5 endoplasms
  A giant cockroach (D:2)
  3 goblins
  2 hobgoblins
  6 bats
  2 frilled lizards
  2 kobolds (D:1)
  A rat (D:2)
32 creatures vanquished.

Vanquished Creatures (others)
  A fungus (D:1)
  A plant (D:1)
2 creatures vanquished.

Grand Total: 34 creatures vanquished

Notes
Turn   | Place    | Note
-------+----------+-------------------------------------------
     0 | D:1      | wormed the Minotaur Gladiator began the quest for the Orb.
     0 | D:1      | Reached XP level 1. HP: 18/18 MP: 0/0
   251 | D:1      | Reached XP level 2. HP: 23/25 MP: 1/1
   718 | D:1      | Found a faded altar of an unknown god.
   745 | D:2      | Reached skill level 4 in Maces & Flails
   991 | D:2      | Reached skill level 1 in Shields
  1088 | D:2      | Reached skill level 1 in Armour
  1088 | D:2      | Reached XP level 3. HP: 29/30 MP: 2/2
  1102 | D:2      | Found Ymeic's Jewellery Shop.
  1220 | D:2      | Identified the +5 buckler of Perpetual Drought {rPois
                  | Regen+ MP-9 Int+2}
  1840 | D:3      | Noticed Sigmund
  1857 | D:3      | HP: 1/31 [poisoned by Sigmund]
  1858 | D:3      | Succumbed to Sigmund's poison

Illustrated notes

Levels and vault maps discovered:
D:1:      dpeg_arrival_stone_temple_mockup, layout_basic,
          shapermc_ecumenical_altar_mp_urbaneastern, minmay_tromino_v2
D:2:      layout_basic, serial_shops, shop
D:3:      wander_river, layout_loops_corners, xom_confusion_cloud,
          hangedman_glass_teeth, uniq_jessica, uniq_sigmund

Skill      XL: |  1  2  3 |
---------------+----------+-----
Maces & Flails | 4 |  4.5
Shields        | 1 |  1.4
Armour         | 1 |  1.3
Fighting       | 3 |  3.0
Throwing       | |  2.0
Dodging        | |  3.6

Action                   || total
-------------------------++-------
Melee: Flail             ||    81
       Headbutt          ||     8
       Punch             ||     1
  Use: Potion            ||     5
Armor: Chain mail        ||    42
Dodge: Dodged            ||    39
